 Dungeon Crawl Stone Soup version bcrawl-1.34.3 (webtiles) character file.

Game seed: 10135664783420102732

412329 KristoblXynda the Carver (level 12, 0/106 HPs)
             Began as a Grey Draconian Gladiator on Oct 7, 2021.
             Was a Follower of Ashenzari.
             Slain by a phantasmal warrior (28 damage)
             ... on level 12 of the Dungeon.
             The game lasted 00:30:03 (13340 turns).

KristoblXynda the Carver (DrGl)                    Turns: 13340, Time: 00:30:03

Health: 0/106      AC: 19    Str: 18    XL:     12   Next: 56%
Magic:  10/15      EV: 20    Int: 19    God:    Ashenzari [*.....]
Gold:   578        SH:  4    Dex: 18    Spells: 10/15 levels left

rFire    + . .     SeeInvis +   h - +1 scimitar
rCold    + + +     Gourm    .   (no shield)
rNeg     + . .     Faith    .   (armour unavailable)
rPois    .         Spirit   .   b - +1 hat
rElec    +         Reflect  .   o - scarf {rC+ rF+} (curse)
rCorr    .         Harm     .   r - +1 pair of gloves
MR       .....                  u - +2 pair of boots
Stlth    ++++......             z - amulet of Vision {SInv *Curse} (curse)
HPRegen  0.27/turn              l - ring "Ibrofel" {*Corrode rElec rC++ Dex+4 Slay+4} (curse)
MPRegen  0.14/turn              F - ring "Tanih" {rN+ Int+8 Stlth++} (curse)

@: very slightly contaminated
A: walk through water, unfitting armour, unbreathing, cold-blooded, AC +13
a: Curse Item, Scrying, Renounce Religion


You were on level 12 of the Dungeon.
You worshipped Ashenzari.
Ashenzari was aware of your devotion.
You were hungry.

You visited 2 branches of the dungeon, and saw 13 of its levels.

You collected 869 gold pieces.
You spent 291 gold pieces at shops.

Inventory:

Hand Weapons
 a - a +0 long sword
 h - a +1 scimitar (weapon)
 I - a cursed +4 long sword
Missiles
 c - 5 throwing nets (quivered) {=f}
Armour
 b - a +1 hat (worn)
 o - a cursed scarf of resistance (worn)
 q - a +2 medium shield
 r - a +1 pair of gloves (worn)
 u - a +2 pair of boots (worn)
 L - a +0 buckler
Jewellery
 f - the ring "Atsaegudi" {+Fly MR+}
   (You found it on level 3 of the Dungeon)

   [ring of flight]

   It affects your resistance to hostile enchantments.
   It lets you fly.
 g - an uncursed ring of magical power
 l - the cursed ring "Ibrofel" (left hand) {*Corrode rElec rC++ Dex+4 Slay+4}
   (You acquired it on level 8 of the Dungeon)

   [ring of dexterity]

   It affects your dexterity (+4).
   It affects your accuracy and damage with ranged weapons and melee attacks
   (+4).
   It greatly protects you from cold.
   It insulates you from electricity.
   It may corrode you when you take damage.
   It has a curse placed upon it.
 s - an uncursed ring of wizardry
 z - the cursed amulet of Vision (around neck) {SInv *Curse}
   (You found it in the Ecumenical Temple)

   [amulet of nothing]

   It lets you see invisible.
   It curses itself when equipped.
   It has a curse placed upon it.
 A - a +6 amulet of reflection
 F - the cursed ring "Tanih" (right hand) {rN+ Int+8 Stlth++}
   (You acquired it on level 8 of the Dungeon)

   [ring of stealth]

   It affects your intelligence (+8).
   It protects you from negative energy.
   It makes you much more stealthy.
   It has a curse placed upon it.
 J - a +4 ring of evasion
Wands
 K - a wand of paralysis (6)
Scrolls
 j - 2 scrolls of amnesia
 m - a scroll of enchant armour
 t - 7 scrolls of teleportation
 v - a scroll of immolation
 w - 3 scrolls of magic mapping
 y - 2 scrolls of fog
 H - 3 scrolls of remove curse
 M - a scroll of fear
 O - a scroll of noise {unknown}
Potions
 d - 2 potions of heal wounds
 i - a potion of cancellation
 k - 2 potions of mutation
 n - 2 potions of resistance
 p - 4 potions of brilliance
 x - 2 potions of agility {unknown}
 B - 3 potions of lignification
 C - a potion of curing
 E - a potion of magic
 G - 2 potions of might
Comestibles
 e - 12 rations {!d}


   Skills:
 - Level 10.0 Fighting
 + Level 12.6 Long Blades
 - Level 3.0 Throwing
 + Level 10.2 Dodging
 + Level 1.8 Shields
 - Level 2.2 Spellcasting
 + Level 8.0 Necromancy
 - Level 5.0 Evocations


You had 10 spell levels left.
You knew the following spells:

 Your Spells              Type           Power        Failure   Level  Hunger
a - Dispel Undead         Necr           ####....     17%         5    #######

Your spell library contained the following spells:

 Spells                   Type           Power        Failure   Level  Hunger
 Animate Skeleton         Necr           N/A          1%          1    None
 Pain                     Necr           ####..       1%          1    None
 Vampiric Draining        Necr           ####......   1%          3    ####...
 Agony                    Necr           ####....     6%          4    ######.
 Animate Dead             Necr           N/A          6%          4    ######.
 Throw Frost              Conj/Ice       #.....       11%         2    ##.....
 Freeze                   Ice            #.....       17%         1    None
 Ozocubu's Armour         Chrm/Ice       #.......     45%         3    ####...
 Ice Form                 Ice/Tmut       #.......     86%         4    ######.
 Summon Ice Beast         Ice/Summ       #.......     86%         4    ######.
 Throw Icicle             Conj/Ice       #.......     86%         4    ######.


Dungeon Overview and Level Annotations

Branches:
Dungeon (12/12)            Temple (1/1) D:7            Lair (0/6) D:8
    Orc (0/1) D:9
 Vaults: D:11-12     Depths: D:12

Altars:
Ashenzari
Cheibriados
Dithmenos
Elyvilon
Fedhas
Gozag
Hepliaklqana
Kikubaaqudgha
Lugonu
Makhleb
Nemelex Xobeh
Okawaru
Qazlal
Ru
Sif Muna
Trog
Uskayaw
Vehumet
Wu Jian
Xom
Yredelemnul
Zin
The Shining One
Beogh

Shops:
D:4 (?}?   D:5 (

Portals:
Abyss: D:3
Trove: D:11 (give +7 great mace)

Annotations:
D:6 2 transporters, exe1's ghost, novice EnAc


Innate Abilities, Weirdness & Mutations

You can walk through water.
Your dull iron-grey scales are very hard. (AC +13)
You cannot fit into any form of body armour.
You can survive without breathing.
You are cold-blooded and may be slowed by cold attacks.


Message History

No path to travel!
You slash the wolf spider!
You kill the wolf spider!
The phantasmal warrior hits you!!!
* * * LOW HITPOINT WARNING * * *
Your Necromancy skill increases to level 8!
No path to travel!
Evoke which item? (* to show all) (? for menu, Esc to quit)
Okay, then.
Casting: Dispel Undead (quite dangerous; 17% risk of failure)
Confirm with . or Enter, or press ? or * to list all spells.
Aiming: Dispel Undead (quite dangerous; 17% risk of failure)
Press: ? - help, Shift-Dir - straight line, f - phantasmal warrior
Aim: a phantasmal warrior You miscast Dispel Undead.
You are very lightly contaminated with residual magic.
You hear strange and distant voices.
You are feeling hungry.
The crimson imp closely misses you. The phantasmal warrior hits you!!
You die...

#....#.....#...<.(#
+..........#+##...#
#.......#.....#.)##
#.....)#....'.##
##..........###
+...........##
#............#
#........#...####
##.....#.#..@#..##
##..#.#...W.5...#
+..#.......#..$#
#..........#../#
......#.#..$#
....#...+...#
..#.....#..##
#.......#### .. ...


You could see a phantasmal warrior and a crimson imp.

Vanquished Creatures
  Harold (D:9)
  A vault guard (D:12)
  A centaur warrior (D:11)
  A two-headed ogre (D:11)
  An orc knight (D:12)
  A cyclops (D:11)
  Pikel (D:7)
  2 ugly things
  A deep elf mage (D:10)
  A wolf spider (D:12)
  2 manticores
  7 centaur skeletons
  2 gargoyles (D:11)
  A redback zombie (D:10)
  2 yaktaurs
  A komodo dragon (D:11)
  A tengu conjurer (D:10)
  A troll (D:9)
  Maurice (D:8)
  Prince Ribbit (D:7)
  12 slime creatures
  A hippogriff (D:6)
  Sigmund (D:6)
  12 yaks
  A vampire (D:10)
  Duvessa (D:7)
  Edmund (D:6)
  2 wargs (D:8)
  A crocodile (D:9)
  A floating eye (D:12)
  2 slaves (D:7)
  2 ice beasts
  A black bear (D:9)
  8 orc warriors
  2 sky beasts
  6 ogres
  A necrophage (D:5)
  4 phantoms
  7 centaurs
  2 big kobolds
  4 bullfrogs
  Dowan (D:7)
  3 scorpions
  7 killer bees
  8 wights
  A howler monkey (D:6)
  15 orc priests
  3 crimson imps
  3 hounds
  5 jellies
  An iguana (D:12)
  8 orc wizards
  Ijyb (D:3)
  9 worker ants
  Robin (D:2)
  3 worker ant zombies
  10 adders
  3 shadow imps
  2 adder skeletons
  4 worms
  2 dart slugs (D:1)
  3 leopard geckos
  49 orcs
  3 giant cockroaches
  16 goblins
  8 hobgoblins
  5 jackals
  15 kobolds
  A quokka (D:3)
  A ball python (D:2)
  4 bats
  5 frilled lizards
  A jackal zombie (D:5)
  5 rats
  A lurking horror (D:3)
309 creatures vanquished.

Vanquished Creatures (others)
  10 bushes (D:10)
  2 lurking horrors (D:3)
12 creatures vanquished.

Grand Total: 321 creatures vanquished

Notes
Turn   | Place    | Note
-------+----------+-------------------------------------------
     0 | D:1      | KristoblXynda the Draconian Gladiator began the quest for
                  | the Orb.
     0 | D:1      | Reached XP level 1. HP: 19/19 MP: 1/1
   218 | D:1      | Reached XP level 2. HP: 11/26 MP: 2/2
   729 | D:1      | Reached XP level 3. HP: 30/33 MP: 3/3
   920 | D:2      | Found a faded altar of an unknown god.
  1071 | D:2      | Noticed Robin
  1085 | D:2      | Killed Robin
  1086 | D:2      | Reached XP level 4. HP: 20/40 MP: 4/4
  1244 | D:2      | Found a blossoming altar of Fedhas.
  1259 | D:2      | Found a glowing golden altar of the Shining One.
  1271 | D:2      | Found an ornate altar of the Wu Jian Council.
  1278 | D:2      | Found a stormy altar of Qazlal.
  1780 | D:3      | Noticed Ijyb
  1803 | D:3      | Killed Ijyb
  2036 | D:3      | Reached XP level 5. HP: 21/46 MP: 5/5
  2274 | D:3      | Found a one-way gate to the infinite horrors of the Abyss.
  2275 | D:3      | Found a corrupted altar of Lugonu.
  2310 | D:3      | Got a pitted iron ring
  2313 | D:3      | Identified the ring "Atsaegudi" {+Fly MR+} (You found it on
                  | level 3 of the Dungeon)
  2453 | D:3      | Found a radiant altar of Vehumet.
  2459 | D:3      | Reached skill level 4 in Long Blades
  2931 | D:4      | Found a white marble altar of Elyvilon.
  3111 | D:4      | Found Qaetequ's Magic Scroll Emporium.
  3191 | D:4      | Found Rian's Antique Weapon Emporium.
  3194 | D:4      | Bought a twisted great sword for 241 gold pieces
  3194 | D:4      | Identified the cursed +0 great sword of Ruygh {freeze,
                  | *Rage rC+ Int+4} (You bought it in a shop on level 4 of the
                  | Dungeon)
  3350 | D:4      | Found a snail-covered altar of Cheibriados.
  3352 | D:4      | Found a glowing silver altar of Zin.
  3462 | D:4      | Found Ironezao's Gadget Boutique.
  3498 | D:4      | Found a shimmering blue altar of Sif Muna.
  3581 | D:4      | Found Nureet's Magic Scroll Boutique.
  3587 | D:4      | Bought a scroll of remove curse for 30 gold pieces
  3587 | D:4      | Bought a scroll of identify for 20 gold pieces
  3890 | D:5      | Entered Level 5 of the Dungeon
  3896 | D:5      | Reached XP level 6. HP: 46/53 MP: 6/6
  3920 | D:5      | Reached skill level 5 in Long Blades
  3926 | D:5      | Found Riratiwn's Weapon Shoppe.
  4066 | D:5      | Reached skill level 5 in Fighting
  4101 | D:5      | Your scales start taking on a dull iron-grey colour.
  4101 | D:5      | Reached XP level 7. HP: 53/61 MP: 4/7
  4101 | D:5      | Gained mutation: You can survive without breathing. [Grey
                  | Draconian growth]
  4268 | D:5      | Found a radiant altar of Vehumet.
  4357 | D:5      | Reached skill level 6 in Long Blades
  4920 | D:6      | Noticed exe1's ghost (novice EnAc)
  4921 | D:6      | Found a transporter.
  4921 | D:6      | Noticed a queen bee
  4926 | D:6      | Found a transporter.
  5069 | D:6      | Noticed Edmund
  5084 | D:6      | Noticed Sigmund
  5108 | D:6      | Killed Sigmund
  5109 | D:6      | Reached skill level 7 in Long Blades
  5109 | D:6      | Reached skill level 5 in Dodging
  5109 | D:6      | Reached XP level 8. HP: 45/70 MP: 6/8
  5191 | D:6      | Killed Edmund
  5357 | D:6      | Noticed a hippogriff
  5371 | D:6      | Killed a hippogriff
  5695 | D:6      | Reached skill level 8 in Long Blades
  5898 | D:7      | Found a staircase to the Ecumenical Temple.
  5913 | Temple   | Entered the Ecumenical Temple
  5928 | Temple   | Became a worshipper of Ashenzari the Shackled
  5929 | Temple   | Found the cursed amulet of Vision {SInv *Curse}
  6294 | D:7      | Noticed Dowan
  6296 | D:7      | Noticed Duvessa
  6316 | D:7      | Killed Duvessa
  6317 | D:7      | Reached XP level 9. HP: 64/79 MP: 9/9
  6321 | D:7      | Killed Dowan
  6365 | D:7      | Noticed Prince Ribbit
  6367 | D:7      | Killed Prince Ribbit
  6391 | D:7      | Reached skill level 9 in Long Blades
  6818 | D:7      | Noticed Pikel
  6836 | D:7      | Killed Pikel
  6912 | D:7      | Reached * piety under Ashenzari
  6926 | D:7      | Found an ancient bone altar of Kikubaaqudgha.
  7194 | D:8      | Found a staircase to the Lair.
  7198 | D:8      | Reached skill level 10 in Long Blades
  7369 | D:8      | Noticed Maurice
  7399 | D:8      | Learned a level 5 spell: Dispel Undead
  7480 | D:8      | Killed Maurice
  7481 | D:8      | Reached XP level 10. HP: 80/90 MP: 10/10
  7694 | D:8      | Reached skill level 1 in Necromancy
  7699 | D:8      | Identified a scroll of acquirement
  7701 | D:8      | Identified the cursed ring "Tanih" {rN+ Int+8 Stlth++} (You
                  | acquired it on level 8 of the Dungeon)
  7787 | D:8      | Found a stormy altar of Qazlal.
  8235 | D:9      | Noticed Harold
  8651 | D:9      | Found a roughly hewn altar of Beogh.
  8651 | D:9      | Found a staircase to the Orcish Mines.
  9089 | D:8      | Identified the cursed +0 hat of Lies {+Blink rN+} (You
                  | acquired it on level 8 of the Dungeon)
  9089 | D:8      | Identified the cursed ring "Ibrofel" {*Corrode rElec rC++
                  | Dex+4 Slay+4} (You acquired it on level 8 of the Dungeon)
  9720 | D:9      | Reached skill level 11 in Long Blades
  9988 | D:9      | Killed Harold
  9989 | D:9      | Reached XP level 11. HP: 55/99 MP: 11/11
 10107 | D:9      | Reached skill level 10 in Fighting
 10572 | D:10     | Entered Level 10 of the Dungeon
 10594 | D:10     | Reached skill level 1 in Spellcasting
 10704 | D:10     | Reached skill level 5 in Necromancy
 10749 | D:10     | Noticed a white ugly thing
 10766 | D:10     | Killed a white ugly thing
 11014 | D:10     | Reached skill level 1 in Evocations
 11034 | D:10     | Identified the cursed ring of Egomania {rN++ Stlth--}
 11739 | D:10     | Noticed a deep elf mage
 11749 | D:10     | Killed a deep elf mage
 11750 | D:10     | Reached skill level 12 in Long Blades
 11836 | D:11     | Noticed a five-headed hydra
 11978 | D:11     | Noticed a purple ugly thing
 12006 | D:11     | Killed a purple ugly thing
 12007 | D:11     | Reached XP level 12. HP: 61/106 MP: 15/15
 12385 | D:11     | Noticed a centaur warrior
 12397 | D:11     | Killed a centaur warrior
 12421 | D:11     | Found a portal to a secret trove of treasure.
 12590 | D:11     | Found a white marble altar of Elyvilon.
 12850 | D:11     | Noticed a two-headed ogre
 12862 | D:11     | Killed a two-headed ogre
 12863 | D:11     | Reached skill level 10 in Dodging
 12863 | D:11     | Reached skill level 5 in Evocations
 13002 | D:12     | Entered Level 12 of the Dungeon
 13157 | D:12     | Reached skill level 1 in Shields
 13157 | D:12     | Noticed a vault guard
 13179 | D:12     | Killed a vault guard
 13340 | D:12     | Slain by a phantasmal warrior

Skill      XL: |  1  2  3  4  5  6  7  8  9 10 11 12 |
---------------+-------------------------------------+-----
Throwing       | 2 3 |  3.0
Dodging        | 3 4 5 6 7 8 9 10 | 10.2
Fighting       | 4 5 6 7 8 9 10 | 10.0
Long Blades    | 4 5 7 8 10 11 12 | 12.6
Necromancy     | 4 6 8 |  8.0
Spellcasting   | 2 |  2.2
Evocations     | 3 5 |  5.0
Shields        | 1 |  1.8

Action                   |  1- 3 |  4- 6 |  7- 9 | 10-12 || total
-------------------------+-------+-------+-------+-------++-------
Melee: Long sword        |   113 |    96 |       |       ||   209
       Tailslap          |    11 |    15 |    56 |   148 ||   230
       Great sword       |       |    50 |       |       ||    50
       Scimitar          |       |    15 |   350 |   752 ||  1117
Throw: Throwing net      |       |       |       |     3 ||     3
Invok: Curse Item        |       |       |     1 |     1 ||     2
 Abil: Evoke Flight      |       |     1 |       |       ||     1
Evoke: Wand              |       |       |    10 |     6 ||    16
  Use: Scroll            |       |    10 |     4 |    12 ||    26
       Potion            |       |     3 |       |     5 ||     8
 Stab: Sleeping          |       |       |       |    11 ||    11
       Held in net/web   |       |       |       |     1 ||     1
       Paralysed         |       |       |       |     8 ||     8
  Eat: Chunk             |     3 |    16 |    20 |    19 ||    58
       Ration            |       |       |       |     4 ||     4
Armor: Skin              |    37 |    76 |   137 |   165 ||   415
Dodge: Dodged            |    76 |   169 |   332 |   447 ||  1024
Block: Other             |     1 |     2 |    30 |   108 ||   141
